 Dungeon Crawl Stone Soup version 0.25-a0-861-g340c9e8194 (webtiles) character file.

Game seed: 8477339753107282353, levelgen mode: deterministic

444 Lugonue the Slasher (level 7, -7/43 HPs)
             Began as a Tengu Fighter on Apr 29, 2020.
             Mangled by Pikel
             ... wielding a +1 whip of electrocution
              (15 damage)
             ... on level 4 of the Dungeon.
             The game lasted 00:05:30 (3646 turns).

Lugonue the Slasher (Tengu Fighter)                 Turns: 3646, Time: 00:05:31

Health: -7/43      AC:  9    Str: 17    XL:     7   Next: 3%
Magic:  17/17      EV:  9    Int: 10    God:
Gold:   203        SH:  9    Dex: 13    Spells: 6/6 levels left

rFire    . . .     SeeInvis .   s - +0 scimitar
rCold    . . .     Gourm    .   c - +0 kite shield
rNeg     . . .     Faith    .   b - +0 scale mail
rPois    .         Spirit   .   (helmet restricted)
rElec    .         Reflect  .   (no cloak)
rCorr    .         Harm     .   r - +1 pair of gloves
MR       .....                  (boots unavailable)
Stlth    ..........             (no amulet)
HPRegen  0.14/turn              p - ring of magical power
MPRegen  0.15/turn              (no ring)

@: flying quickly and evasively, quick
A: beak, talons 3, able to fly
a: Stop Flying


You were on level 4 of the Dungeon.
You were not hungry.

You visited 1 branch of the dungeon, and saw 4 of its levels.

You collected 203 gold pieces.

Inventory:

Hand Weapons
 s - a +0 scimitar (weapon)
Missiles
 d - 24 poisoned darts (quivered)
Armour
 b - a +0 scale mail (worn)
 c - a +0 kite shield (worn)
 r - a +1 pair of gloves (worn)
Jewellery
 p - a ring of magical power (left hand)
Scrolls
 a - a scroll of enchant armour {unknown}
 g - a scroll of fear {unknown}
 i - 2 scrolls of remove curse {unknown}
 l - 3 scrolls of identify {unknown}
 m - a scroll of random uselessness {unknown}
 q - a scroll of fog {unknown}
 t - a scroll of amnesia {unknown}
Potions
 e - a potion of lignification {unknown}
 h - a potion of curing {unknown}
 j - a potion of flight {unknown}
 k - a potion of heal wounds
 n - a potion of invisibility {unknown}
 o - 2 potions of berserk rage {unknown}
Comestibles
 f - 6 rations
 u - 2 chunks of flesh


   Skills:
 + Level 4.0 Fighting
 + Level 5.2 Long Blades
 + Level 0.4 Throwing
 + Level 4.8 Armour
 + Level 1.4 Dodging
 + Level 0.2 Stealth
 + Level 4.1 Shields


You had 6 spell levels left.
You didn't know any spells.
Your spell library was empty.

Dungeon Overview and Level Annotations

Branches:
Dungeon (4/15)
 Temple: D:4-7

Altars:
Elyvilon
Hepliaklqana
Wu Jian

Shops:
D:4 %

Annotations:
D:4 2 transporters, Esekla's ghost, amateur TeIE; Pikel


Innate Abilities, Weirdness & Mutations

You have a beak for a mouth.
You have claws for feet.
You can fly continuously.


Message History

The slave hits you but does no damage. The slave hits you.
Unknown command.
You hit Pikel.
Pikel is severely wounded.
Pikel hits you but does no damage.
You are electrocuted!
The slave hits you. The slave hits you but does no damage.
Unknown command.
You barely miss Pikel.
Pikel is severely wounded.
Pikel hits you but does no damage. You block the slave's attack.
The slave hits you. Pikel hits you but does no damage.
The slave hits you but does no damage.
Unknown command.
You block Pikel's attack.
You barely miss Pikel.
Pikel is severely wounded.
Pikel hits you with a +1 whip of electrocution.
* * * LOW HITPOINT WARNING * * *
You are electrocuted!
You die...

#.(......# #.#...#.##..
#.(......# #.......##.. ########
#........# ###...#####. #......#
#........# #)..+..##.
#......#####..##### #...##.##.
#....(.......(# #...##.###
#.....######.p###### #...##.###
#.....# ##.K....####.........
####.## #..p@.....##...##.##.
#.#######..pp.....#######.##.
#.#.....#.................##.
#.#.###.#.........##########.
#####.#.#......................#.
..........#.#.........########.#.
..........#.#.........# #...
............#.........# ####
..........###.........#


You could see Pikel and 4 slaves.

Vanquished Creatures
  An ogre (D:4)
  A hound (D:2)
  3 orc priests
  2 orc wizards (D:4)
  A worker ant (D:4)
  5 adders
  An ooze (D:2)
  An adder skeleton (D:4)
  4 worms
  5 dart slugs
  3 leopard geckos
  9 orcs
  6 giant cockroaches
  7 hobgoblins
  4 jackals (D:4)
  10 kobolds
  A ball python skeleton (D:4)
  8 bats
  A frilled lizard (D:2)
  8 goblins
  8 rats
89 creatures vanquished.

Notes
Turn   | Place    | Note
-------+----------+-------------------------------------------
     0 | D:1      | Lugonue the Tengu Fighter began the quest for the Orb.
     0 | D:1      | Reached XP level 1. HP: 14/14 MP: 2/2
   131 | D:1      | Reached XP level 2. HP: 19/19 MP: 3/3
   358 | D:1      | Reached XP level 3. HP: 23/23 MP: 4/4
   569 | D:2      | Reached XP level 4. HP: 18/29 MP: 5/5
  1045 | D:2      | Found a hazy altar of Hepliaklqana.
  1058 | D:2      | Reached skill level 3 in Long Blades
  1202 | D:2      | Gained mutation: You can fly continuously. [Tengu growth]
  1202 | D:2      | Reached XP level 5. HP: 28/33 MP: 6/6
  1333 | D:2      | You are sucked into a shaft and drop 1 floor!
  1506 | D:3      | Reached skill level 4 in Long Blades
  2048 | D:3      | Found an ornate altar of the Wu Jian Council.
  2214 | D:3      | Found a white marble altar of Elyvilon.
  2455 | D:4      | Reached skill level 1 in Dodging
  2455 | D:4      | Reached XP level 6. HP: 22/38 MP: 7/7
  3013 | D:4      | Reached skill level 5 in Long Blades
  3067 | D:4      | Reached XP level 7. HP: 23/43 MP: 8/8
  3324 | D:4      | Found Jyitaad's Food Boutique.
  3389 | D:4      | Found a transporter.
  3491 | D:4      | Found a transporter.
  3497 | D:4      | Noticed Esekla's ghost (amateur TeIE)
  3612 | D:4      | Noticed Pikel
  3646 | D:4      | Mangled by Pikel

Levels and vault maps discovered:
D:1:      nzn_arrival_crosshair, layout_loops_ring
D:2:      layout_rooms, lemuel_crystal_altar, grunt_ministairs_5, fountainhead
D:3:      layout_loops_ring, lemuel_round_altar, lemuel_doored_altar
D:4:      minmay_evil_eye, layout_basic, lemuel_coloured_pillars_altar,
          serial_shops, shop, gammafunk_ghost_arena, uniq_pikel

Skill      XL: |  1  2  3  4  5  6 |
---------------+-------------------+-----
Long Blades    | 3 4 5 |  5.2
Armour         | 4 |  4.8
Dodging        | 1 |  1.4
Shields        | 4 |  4.1
Fighting       | 4 |  4.0
Throwing       | |  0.4
Stealth        | |  0.2

Action                   |  1- 3 |  4- 6 |  7- 9 || total
-------------------------+-------+-------+-------++-------
Melee: Long sword        |    43 |   132 |       ||   175
       Kick              |    10 |    46 |     7 ||    63
       Peck              |     3 |    29 |     4 ||    36
       Scimitar          |       |     7 |    21 ||    28
Throw: Dart              |       |     9 |     6 ||    15
 Abil: Fly               |       |     1 |       ||     1
  Use: Potion            |       |     3 |       ||     3
  Eat: Chunk             |       |     7 |     2 ||     9
Armor: Scale mail        |    21 |    58 |    14 ||    93
Dodge: Dodged            |    13 |    46 |     7 ||    66
Block: Kite shield       |    21 |    69 |    16 ||   106
       Rpst.: Long sword |     6 |    12 |       ||    18
       Scimitar          |       |     2 |     2 ||     4

Table legend:
 A = Non-vault XP
 B = Vault XP
 C = Vault XP percentage of total XP
 D = Non-vault monster count
 E = Vault monster count
 F = Vault count percentage of total count
                 A         B        C        D         E       F
            +---------+---------+-------+---------+---------+-------
      Total |     588 |      47 |   7.4 |      87 |       2 |   2.2
            +---------+---------+-------+---------+---------+-------
        D:1 |      37 |       0 |   0.0 |      21 |       0 |   0.0
        D:2 |      93 |      47 |  33.6 |      25 |       2 |   7.4
        D:3 |     105 |       0 |   0.0 |      21 |       0 |   0.0
        D:4 |     353 |       0 |   0.0 |      20 |       0 |   0.0
            +---------+---------+-------+---------+---------+-------
